 Dungeon Crawl Stone Soup version 0.16-a0-1982-g8124c91 (webtiles) character file.

85 RobertPalmer the Insei (level 4, -2/32 HPs)
             Began as a Demonspawn Transmuter on Nov 8, 2014.
             Slain by a gnoll
             ... wielding a +0 spear
              (9 damage)
             ... on level 3 of the Dungeon.
             The game lasted 00:04:43 (3113 turns).

RobertPalmer the Insei (Demonspawn Transmuter)      Turns: 3113, Time: 00:04:43

Health: -2/32      AC:  4    Str: 10    XL:     4   Next: 25%
Magic:  6/7        EV: 12    Int: 14    God:
Gold:   153        SH:  0    Dex: 15    Spells: 2 memorised, 4 levels left

rFire  . . .     SeeInvis +       - Unarmed
rCold  . . .     Clarity  .     c - +0 robe
rNeg   . . .     SustAb   .     (no shield)
rPois  .         Gourm    .     (helmet restricted)
rElec  .         Spirit   .     k - +0 cloak
rCorr  .         Warding  .     (no gloves)
rMut   .         Stasis   .     (boots unavailable)
MR     .....                    m - amulet of rage
Stlth  +.........               (no ring)
                                i - ring of see invisible

@: appendage (expiring), not resistant to hostile enchantments, very unstealthy
A: antennae 1, talons 3, molten scales 1
a: End Transformation, Evoke Berserk Rage


You were on level 3 of the Dungeon.
You were not hungry.
You had grown temporary talons.
You visited 1 branch of the dungeon, and saw 3 of its levels.

You collected 153 gold pieces.


Innate Abilities, Weirdness & Mutations

You have a pair of small antennae on your head.
You are partially covered in molten scales (AC +1).
You have claws for feet.


   Skills:
 - Level 1.0 Fighting
 - Level 1.7 Dodging
 + Level 4.6 Unarmed Combat
 - Level 2.0 Spellcasting
 - Level 1.7 Transmutations


You had 4 spell levels left.
You knew the following spells:

 Your Spells              Type           Power        Failure   Level  Hunger
z - Beastly Appendage     Trmt           #.....       14%         1    ##.....
Z - Sticks to Snakes      Trmt           #.........   21%         2    ###....

Inventory:

Missiles
 b - 62 arrows
Armour
 c - a +0 robe (worn)
 k - a +0 cloak (worn)
Jewellery
 i - a ring of see invisible (left hand)
 m - an amulet of rage (around neck)
Scrolls
 e - a scroll of remove curse {unknown}
 l - a scroll of fear {unknown}
 o - a scroll of teleportation {unknown}
 p - a scroll of enchant armour {unknown}
 q - a scroll of recharging {unknown}
Potions
 h - 2 potions of haste
 n - a potion of agility
 t - a potion of lignification {unknown}
Books
 d - a book of Changes
Comestibles
 a - 3 bread rations
 f - 2 fruits
 g - 2 beef jerkies
 j - a meat ration
 r - a chunk of flesh {@w1}
 s - a royal jelly

Dungeon Overview and Level Annotations

Branches:
Dungeon (3/15)

Altars:

.........#######
.....###....#..
...#####.##.#.#
#.#####.#.#.#.#
#......###.รท..#
#.#####.#.##..#
#.# #.# #..##
#.# #.#
#...########..
#.# # #
#....@ggSg.s..
#.#
#...########..
#.# ......## #.#
......# .
#####.# #.# #.#
.


You could see 3 gnolls, an adder and a giant mite.


Message History

No target in view!
No target in view!
You see here a rat corpse.
You finish butchering the rat corpse.
r - 3 chunks of flesh {@w1} (gained 1)
You see here a rat skeleton.
Eat one of 3 chunks of flesh {@w1}? (ye/n/q/i?) Some of the chunks of flesh in your inventory have rotted away.
A gnoll comes into view. It is wielding a spear.
The gnoll shouts!
A gnoll is nearby!
A gnoll is nearby!
A gnoll is nearby!
A gnoll comes into view. It is wielding a spear.
The gnoll shouts!
An adder comes into view.
Your feet morph into talons.
A gnoll comes into view. It is wielding a whip.
The gnoll shouts!
The gnoll hits you from afar with a spear!
The gnoll misses you. The gnoll hits you with a spear!
* * * LOW HITPOINT WARNING * * *
A giant mite comes into view.
You barely miss the gnoll. The gnoll completely misses you.
The gnoll hits you with a spear.
* * * LOW HITPOINT WARNING * * *
You closely miss the gnoll.
Your transformation is almost over.
The gnoll hits you from afar with a spear!
You die...

Action                   |  1- 3 |  4- 6 || total
-------------------------+-------+-------++-------
Melee: Unarmed           |   225 |     8 ||   233
 Cast: Beastly Appendage |    10 |     1 ||    11
       Sticks to Snakes  |     3 |       ||     3
  Use: Scroll            |     4 |       ||     4
 Stab: Sleeping          |     3 |       ||     3
  Eat: Chunk             |     6 |     2 ||     8

Vault maps used:
D:1:      onia_arrival_mini_maze_b
D:2:      first_bread, serial_park_tiny_pond, uniq_jessica

Notes
Turn   | Place    | Note
--------------------------------------------------------------
     0 | D:1      | RobertPalmer, the Demonspawn Transmuter, began the quest for the Orb.
     0 | D:1      | Reached XP level 1. HP: 15/15 MP: 3/3
   553 | D:1      | Reached skill level 3 in Unarmed Combat
   639 | D:1      | Gained mutation: You are partially covered in molten scales (AC +1). [demonic ancestry]
   639 | D:1      | Reached XP level 2. HP: 21/21 MP: 4/4
  1142 | D:1      | Reached XP level 3. HP: 23/26 MP: 6/6
  1775 | D:2      | Learned a level 2 spell: Sticks to Snakes
  1786 | D:2      | Reached skill level 4 in Unarmed Combat
  2840 | D:2      | Noticed Jessica
  2869 | D:2      | Killed Jessica
  2869 | D:2      | Gained mutation: You have a pair of small antennae on your head. [demonic ancestry]
  2869 | D:2      | Reached XP level 4. HP: 18/32 MP: 3/7
  3113 | D:3      | Slain by a gnoll

Vanquished Creatures
  Jessica (D:2)
  An adder (D:2)
  2 giant geckos (D:2)
  An orc (D:2)
  5 bats
  3 giant cockroaches
  8 goblins
  7 hobgoblins
  7 jackals (D:1)
  5 kobolds
  A quokka (D:2)
  6 rats
47 creatures vanquished.

Vanquished Creatures (collateral kills)
  A worm (D:2)
1 creature vanquished.

Grand Total: 48 creatures vanquished
